 Dungeon Crawl Stone Soup version 0.28.0-53-g5a82cb258f (webtiles) character file.

Game seed: 15205681395266906716

8658 safid the Severer (level 11, -6/91 HPs)
             Began as a Hill Orc Fighter on July 19, 2022.
             Was a Priest of Beogh.
             Mangled by a killer bee (10 damage)
             ... on level 8 of the Dungeon.
             The game lasted 00:14:35 (9882 turns).

safid the Severer (Hill Orc Fighter)                Turns: 9882, Time: 00:14:37

Health: -6/91      AC:  0    Str: 24    XL:     11   Next: 34%
Magic:  15/17      EV: 20    Int:  8    God:    Beogh [***...]
Gold:   407        SH:  5    Dex: 15    Spells: 10/10 levels left

rFire   . . .      SeeInvis .   (weapon currently unavailable)
rCold   . . .      Faith    .   (shield currently unavailable)
rNeg    . . .      Spirit   .   (armour currently unavailable)
rPois   .          Reflect  +   (helmet currently unavailable)
rElec   .          Harm     .   (cloak currently unavailable)
rCorr   .          Rampage  .   (gloves currently unavailable)
Will    .....      Clarity  +   (boots currently unavailable)
Stlth   +.........              J - amulet of reflection
HPRegen 0.25/turn               (ring currently unavailable)
MPRegen 0.15/turn               (ring currently unavailable)

@: lethally poisoned (-6 -> -14), bat-form, flying, studying Transmutations,
very quick
A: fast, flying, no casting, tiny, (hooves 1), clarity, high MP 1, mutation
resistance 1
a: Renounce Religion, Smiting


You were on level 8 of the Dungeon.
You worshipped Beogh.
Beogh was most pleased with you.
You were a bat.
You visited 1 branch of the dungeon, and saw 9 of its levels.

You collected 407 gold pieces.

Inventory:

Hand Weapons
 a - a +0 war axe
 c - the +12 glaive of Prune {vorpal}
   (You took it off an orc on level 7 of the Dungeon)

   It inflicts extra damage upon your enemies.
   It halves damage taken while paralysed, petrified or unconscious.
 m - the +4 war axe of Diohil (melded) {vorpal, Fragile Int+4}
   (You found it on level 3 of the Dungeon)

   It inflicts extra damage upon your enemies.
   Int:       It affects your intelligence (+4).
   Fragile:   It will be destroyed if unequipped.
 E - the +7 scimitar of Noxious Offence {freeze, rElec rC- rCorr Stlth+}
   (You found it on level 5 of the Dungeon)

   It freezes those it strikes, dealing additional cold damage.
   It can also slow down cold-blooded creatures.
   rC:        It makes you vulnerable to cold.
   rElec:     It insulates you from electricity.
   rCorr:     It protects you from acid and corrosion.
   Stlth:     It makes you more stealthy.
Missiles
 t - 28 poisoned darts (quivered)
Armour
 i - a +0 cloak (melded)
 q - a +1 helmet (melded)
 v - a +0 tower shield (melded)
 D - a +2 plate armour of cold resistance (melded)
 F - a +0 pair of gloves (melded)
Jewellery
 u - a +4 ring of protection (melded)
 C - a +4 ring of protection (melded)
 J - an amulet of reflection (around neck)
 L - a ring of see invisible
Wands
 k - a wand of digging (11)
 o - a wand of paralysis (9)
 y - a wand of iceblast (17)
 K - a wand of flame (31)
Scrolls
 b - a scroll of fear
 e - 3 scrolls of teleportation
 r - 2 scrolls of immolation
 s - 3 scrolls of amnesia
 w - 3 scrolls of fog
 x - 2 scrolls of holy word {unknown}
 B - a scroll of blinking {unknown}
 G - a scroll of enchant armour {unknown}
 I - a scroll of enchant weapon {unknown}
Potions
 d - a potion of might
 f - a potion of berserk rage {unknown}
 h - 2 potions of degeneration {unknown}
 j - a potion of resistance
 l - 2 potions of flight {unknown}
 n - a potion of mutation
 p - a potion of haste {unknown}
 z - a potion of brilliance {unknown}
 A - 2 potions of heal wounds {unknown}
 H - a potion of attraction {unknown}


   Skills:
 + Level 6.9 Fighting
 - Level 16.0 Axes
 + Level 6.5 Armour
 + Level 3.6 Dodging
 + Level 6.6 Shields
 + Level 6.3 Invocations
 + Level 4.5 Evocations


You had 10 spell levels left.
You didn't know any spells.
Your spell library contained the following spells:

 Spells                   Type           Power      Damage    Failure   Level
 Animate Skeleton         Necr           0%         N/A       41%         1
 Pain                     Necr           0%         1d4       41%         1
 Simulacrum               Ice/Necr       0%         N/A       100%        6


Dungeon Overview and Level Annotations

Branches:
Dungeon (9/15)             Temple (0/1) D:5
   Lair: D:8-11         Orc: D:9-12

Altars:
Dithmenos
Sif Muna
Xom

Shops:
D:1 !   D:8 [

Annotations:
D:5 2 runed translucent doors
D:9 Psyche


Innate Abilities, Weirdness & Mutations

You are a bat.
You are tiny and dextrous.
You move quickly.
You are flying.
Your equipment is almost entirely melded.
You are incapable of wielding weapons or throwing items.
You cannot cast spells.
((You have large cloven feet.))
You possess an exceptional clarity of mind.
You have an increased reservoir of magic. (+10% MP)
You are somewhat resistant to further mutation.


Message History

The killer bee barely misses you. The killer bee stings you.
* * * LOW HITPOINT WARNING * * *
Psyche casts a spell.
A swirling arc of seething chaos appears!
The arc of chaos arcs out of your line of sight!
The arc of chaos suddenly appears!
The killer bee closely misses you.
You fly upwards.
Reactivating autopickup.
There is a stone staircase leading down here.
Unknown command.
You feel better. You block the killer bee's attack.
The killer bee barely misses you. The killer bee stings you.
* * * LOW HITPOINT WARNING * * *
The killer bee stings you.
* * * LOW HITPOINT WARNING * * *
You are poisoned.
The killer bee poisons you!
You hit the killer bee but do no damage.
You feel sick. The killer bee misses you. The killer bee barely misses you.
The killer bee closely misses you. You block the killer bee's attack.
You closely miss the killer bee.
You feel sick. The killer bee closely misses you. x2
You miss the killer bee.
You feel sick. The killer bee closely misses you.
The killer bee completely misses you. x3
You hit the killer bee but do no damage.
You feel sick. The killer bee barely misses you.
The killer bee completely misses you. The killer bee misses you.
You barely miss the killer bee.
You feel sick. The killer bee stings you.
* * * LOW HITPOINT WARNING * * *
You are lethally poisoned!
The killer bee poisons you! You block the killer bee's attack.
The killer bee completely misses you.
Unknown command.
It was a potion of mutation.
You feel extremely strange.
Your feet thicken and deform.
You feel more energetic.
Your thoughts seem clearer.
You feel genetically stable.
* * * LOW HITPOINT WARNING * * *
You feel very sick. The killer bee stings you!
You die...

####.#...#......# ###
#......_......### #.##
#....#...#.##.#####..## #
#....##.##.##..##.....###
##........)##........##..
##......#####.......##...
######.......#####.......##...
###...###......y................
##......####....by......#........
#..).....####...........#........
#.........##..##....##...........
.............>................##.
...................(........####.
..#..........[..#.#......#..# ##
.##.....†.##......#......##.####.
.##..###......##.........#.......
####.........###...#......>[.....


You could see 2 killer bees.

Vanquished Creatures
  2 two-headed ogres
  2 ugly things (D:6)
  A gargoyle (D:7)
  Maggie (D:6)
  An unseen horror (D:8)
  Sigmund (D:3)
  A yak (D:5)
  A wyvern (D:8)
  Eustachio (D:5)
  A steam dragon (D:7)
  A vampire mosquito (D:5)
  3 acid dragons
  3 sky beasts (D:8)
  2 orc warriors (D:7)
  6 water moccasins
  3 ice beasts
  3 necrophages
  3 ogres
  6 centaurs
  2 phantoms
  2 kobold brigands (D:7)
  7 bullfrogs
  3 wyvern zombies
  6 scorpions
  A wyvern skeleton (D:5)
  2 water moccasin skeletons
  A centaur zombie (D:7)
  2 hounds
  3 centaur skeletons
  3 gnoll shamans
  A jelly (D:7)
  3 bullfrog skeletons
  2 iguanas
  4 orc wizards
  A killer bee zombie (D:7)
  A hound skeleton (D:4)
  8 gnolls
  A howler monkey zombie (D:7)
  5 adders
  A white imp (D:6)
  An adder zombie (D:3)
  4 worms
  A dart slug (D:3)
  19 orcs
  11 ball pythons
  6 endoplasms
  3 giant cockroaches
  8 goblins
  8 hobgoblins
  5 quokkas
  4 bats
  5 frilled lizards
  7 kobolds
  3 rats
  A spectral hobgoblin (D:1)
187 creatures vanquished.

Vanquished Creatures (collateral kills)
  A bullfrog (D:8)
  3 killer bees (D:9)
  A lava snake (D:8)
  An orc priest (D:8)
  An orc (D:8)
7 creatures vanquished.

Vanquished Creatures (others)
  An unseen horror (D:7)
  An orc warrior (D:9)
  2 orc priests
  5 orcs
  A plant (D:5)
10 creatures vanquished.

Grand Total: 204 creatures vanquished

Notes
Turn   | Place    | Note
-------+----------+-------------------------------------------
     0 | D:1      | safid the Hill Orc Fighter began the quest for the Orb.
     0 | D:1      | Reached XP level 1. HP: 19/19 MP: 1/1
   207 | D:1      | Found Tiveb's Distillery.
   394 | D:1      | Reached skill level 3 in Axes
   394 | D:1      | Reached XP level 2. HP: 26/27 MP: 2/2
   603 | D:1      | Found a faded altar of an unknown god.
  1020 | D:2      | Reached XP level 3. HP: 11/33 MP: 3/3
  1655 | D:2      | Reached XP level 4. HP: 34/40 MP: 4/4
  1945 | D:3      | Identified the +4 war axe of Diohil {vorpal, Fragile Int+4}
  1984 | D:3      | Noticed a scorpion
  1988 | D:3      | Killed a scorpion
  1989 | D:3      | Reached skill level 5 in Axes
  1989 | D:3      | Reached XP level 5. HP: 46/46 MP: 5/5
  2033 | D:3      | Noticed Sigmund
  2043 | D:3      | Killed Sigmund
  2044 | D:3      | Reached skill level 7 in Axes
  2044 | D:3      | Reached XP level 6. HP: 37/52 MP: 6/6
  2166 | D:3      | Reached skill level 8 in Axes
  2579 | D:4      | Noticed a water moccasin
  2590 | D:4      | Killed a water moccasin
  2591 | D:4      | Reached XP level 7. HP: 17/59 MP: 7/7
  2861 | D:4      | Became a worshipper of Beogh the Brigand
  2871 | D:4      | Reached skill level 9 in Axes
  3281 | D:4      | Reached skill level 10 in Axes
  3428 | D:4      | Reached * piety under Beogh
  4260 | D:5      | Entered Level 5 of the Dungeon
  4340 | D:5      | Reached skill level 11 in Axes
  4340 | D:5      | Reached XP level 8. HP: 66/66 MP: 8/8
  4351 | D:5      | Found a large runed translucent door.
  4351 | D:5      | Found a large runed translucent door.
  4359 | D:5      | Noticed a yak
  4365 | D:5      | Found a large runed translucent door.
  4365 | D:5      | Found a large runed translucent door.
  4459 | D:5      | Found a staircase to the Ecumenical Temple.
  4465 | D:5      | Noticed Eustachio
  4475 | D:5      | Killed Eustachio
  4491 | D:5      | Reached skill level 12 in Axes
  4635 | D:5      | Reached skill level 13 in Axes
  4681 | D:5      | Reached skill level 14 in Axes
  4681 | D:5      | Reached XP level 9. HP: 51/71 MP: 9/9
  5078 | D:5      | Reached ** piety under Beogh
  5079 | D:5      | Reached skill level 15 in Axes
  5095 | D:5      | Identified the +7 scimitar of Noxious Offence {freeze,
                  | rElec rC- rCorr Stlth+}
  5193 | D:6      | Found a shadowy altar of Dithmenos.
  5300 | D:6      | Noticed Maggie
  5311 | D:6      | Killed Maggie
  5312 | D:6      | Reached skill level 16 in Axes
  5373 | D:6      | Reached skill level 1 in Invocations
  5397 | D:6      | Reached skill level 1 in Evocations
  5632 | D:6      | Reached skill level 1 in Dodging
  6111 | D:7      | Reached XP level 10. HP: 80/80 MP: 11/11
  6282 | D:7      | Reached skill level 5 in Fighting
  6579 | D:7      | Reached skill level 5 in Armour
  6579 | D:7      | Reached skill level 5 in Shields
  6792 | D:7      | Noticed a green ugly thing
  6793 | D:7      | Noticed a brown ugly thing
  6806 | D:7      | Killed an unseen horror
  6885 | D:6      | Killed a green ugly thing
  6893 | D:6      | HP: 4/81 [poisoned by a green ugly thing]
  7242 | D:6      | Killed a brown ugly thing
  7504 | D:7      | Noticed a two-headed ogre
  7512 | D:7      | Killed a two-headed ogre
  7513 | D:7      | Reached skill level 5 in Invocations
  7529 | D:7      | Noticed a gargoyle
  7776 | D:7      | Found a large runed translucent door.
  7777 | D:7      | Found a large runed translucent door.
  7779 | D:7      | Found a shimmering altar of Xom.
  8108 | D:7      | Got Sokhlaqe's Grimoire of Dark Rituals
  8648 | D:7      | Reached XP level 11. HP: 80/89 MP: 13/15
  8721 | D:8      | Found Wagroasa's Antique Armour Shop.
  8748 | D:8      | Reached *** piety under Beogh
  9141 | D:8      | Found a shimmering blue altar of Sif Muna.
  9151 | D:8      | Noticed a two-headed ogre
  9163 | D:8      | Killed a two-headed ogre
  9834 | D:9      | Noticed Psyche
  9882 | D:8      | Gained mutation: You have large cloven feet. [potion of
                  | mutation]
  9882 | D:8      | Gained mutation: You have an increased reservoir of magic.
                  | (+10% MP) [potion of mutation]
  9882 | D:8      | Gained mutation: You possess an exceptional clarity of
                  | mind. [potion of mutation]
  9882 | D:8      | Gained mutation: You are somewhat resistant to further
                  | mutation. [potion of mutation]
  9882 | D:8      | HP: 4/91 [poisoned by a killer bee]
  9882 | D:8      | Mangled by a killer bee

Illustrated notes

Levels and vault maps discovered:
D:1:      dpeg_arrival_simpleton_b, layout_basic,
          dreamdust_ecumenical_altar_drowned_temple, serial_shops,
          nicolae_shop_stone
D:2:      kennysheep_big_flooded_room, layout_rooms
D:3:      minmay_spotlight, layout_rooms, uniq_sigmund
D:4:      layout_basic
D:5:      layout_cave_pools, minmay_temple_entry_gardened_gates,
          minmay_hollow_rounded_squares, uniq_eustachio
D:6:      layout_loops_ring, nicolae_dithmenos_shadow_blocks, uniq_maggie
D:7:      due_chaos_kobolds, layout_layer_cave, minmay_the_grid_2x2
          [minmay_the_grid_outer_diamond, minmay_the_grid_tiny_cups,
          minmay_the_grid_box_x, minmay_the_grid_prize_trominoes]
D:8:      layout_cave_pools, nicolae_overflow_crystal_walls, serial_shops, shop,
          nicolae_lava_and_water
D:9:      layout_irregular_city, hiddenorc2_lemuel, the_hattery, uniq_psyche

Skill      XL: |  1  2  3  4  5  6  7  8  9 10 11 |
---------------+----------------------------------+-----
Axes           | 3 5 7 8 11 14 16 | 16.0
Fighting       | 4 6 |  6.9
Shields        | 4 6 |  6.6
Armour         | 4 6 |  6.5
Invocations    | 2 5 6 |  6.3
Evocations     | 1 3 4 |  4.5
Dodging        | 1 3 |  3.6

Action                   |  1- 3 |  4- 6 |  7- 9 | 10-12 || total
-------------------------+-------+-------+-------+-------++-------
Melee: War axe           |    85 |    62 |   204 |   223 ||   574
       Unarmed           |       |       |       |    13 ||    13
Throw: Dart              |       |       |       |     2 ||     2
Invok: Convert to Beogh  |       |       |     1 |       ||     1
Evoke: Wand              |       |       |       |     2 ||     2
  Use: Potion            |       |     1 |       |     4 ||     5
       Scroll            |       |       |     6 |       ||     6
Armor: Scale mail        |    28 |    27 |    57 |       ||   112
       Plate armour      |       |       |    28 |   181 ||   209
Dodge: Dodged            |    35 |    22 |    69 |   118 ||   244
Block: Buckler           |    18 |    15 |    39 |    38 ||   110
       Tower shield      |       |       |       |    83 ||    83
       Reflection        |       |       |       |     5 ||     5
       Other             |       |       |       |    11 ||    11
